 Dungeon Crawl Stone Soup version 0.29.1-13-g9f3cf754e1 (webtiles) character file.

Game seed: 13887115540363659337

315 styxcanada the Covert (level 6, -10/30 HPs)
             Began as a Spriggan Brigand on Feb 8, 2023.
             Mangled by a small abomination (14 damage)
             ... on level 3 of the Dungeon.
             The game lasted 00:12:57 (2721 turns).

styxcanada the Covert (Spriggan Brigand)            Turns: 2721, Time: 00:12:58

Health: -10/30     AC:  4    Str:  7    XL:     6   Next: 20%
Magic:  9/9        EV: 17    Int: 16    God:
Gold:   90         SH:  6    Dex: 18    Spells: 5/8 levels left

rFire   . . .      SeeInvis +   i - +8 sling of Pukeda {flame, Int+3}
rCold   . . .      Faith    .   n - +0 buckler
rNeg    + . .      Spirit   .   b - +0 robe
rPois   +          Reflect  .   (helmet restricted)
rElec   .          Harm     .   c - +1 cloak
rCorr   .          Rampage  .   (gloves unavailable)
Will    +....                   (boots unavailable)
Stlth   ++++......              (no amulet)
HPRegen 0.10/turn               j - ring of positive energy
MPRegen 0.11/turn               t - ring of poison resistance

@: very quick
A: very small, no large weapons, unfitting armour, see invisible, speed 3
a: no special abilities


You were on level 3 of the Dungeon.
You visited 1 branch of the dungeon, and saw 3 of its levels.

You collected 90 gold pieces.

Inventory:

Hand Weapons
 a - a +2 dagger
 i - the +8 sling of Pukeda (weapon) {flame, Int+3}
   (You found it on level 3 of the Dungeon)

   Any ammunition fired from it burns those it strikes, dealing additional fire
   damage.
   Int:       It affects your intelligence (+3).
Missiles
 e - 2 curare-tipped darts
 m - 8 poisoned darts
 u - 3 silver boomerangs
Armour
 b - a +0 robe (worn)
 c - a +1 cloak (worn)
 n - a +0 buckler (worn)
Magical Staves
 l - a staff of poison
Jewellery
 j - a ring of positive energy (left hand)
 t - a ring of poison resistance (right hand)
Scrolls
 g - a scroll of enchant armour
Potions
 f - a potion of lignification
 h - 2 potions of might
 k - 2 potions of resistance
 q - a potion of flight {unknown}
 r - a potion of brilliance {unknown}
 v - a potion of attraction {unknown}
 x - a potion of heal wounds {unknown}


   Skills:
 * Level 2.2 Fighting
 + Level 2.9 Short Blades
 + Level 1.4 Ranged Weapons
 + Level 2.3 Throwing
 * Level 3.2 Dodging
 * Level 8.2 Stealth
 * Level 0.9 Shields
 * Level 1.6 Spellcasting
 * Level 0.9 Summonings


You had 5 spell levels left.
You knew the following spells:

 Your Spells              Type           Power      Damage    Failure   Level
a - Call Canine Familiar  Summ           4%         N/A       67%         3

Your spell library contained the following spells:

 Spells                   Type           Power      Damage    Failure   Level
 Summon Small Mammal      Summ           16%        N/A       32%         1
 Summon Guardian Golem    Hex/Summ       2%         N/A       75%         3
 Ozocubu's Armour         Ice            1%         N/A       80%         3
 Fireball                 Conj/Fire      0%         3d3       100%        5
 Iskenderun's Battlesphe  Conj           1%         2d6       100%        5
 Conjure Ball Lightning   Conj/Air       0%         3x3d6     100%        6
 Orb of Destruction       Conj           0%         9d5       100%        7
 Ozocubu's Refrigeration  Ice            0%         4d7       100%        7


Dungeon Overview and Level Annotations

Branches:
Dungeon (3/15)

Altars:

Shops:
D:3 (

Portals:
Abyss: D:3

Annotations:
D:3 1 transporter, Hobbittoes's ghost, weakling MiFi


Innate Abilities, Weirdness & Mutations

You are very small and have problems with some larger weapons.
You are too small for most types of armour.
You have supernaturally acute eyesight. (SInv)
You cover ground extremely quickly. (Speed+++)


Message History

The kobold barely misses you.
You see here a scroll labelled BOTOBOECHY.
Fire: i) +8 sling of Pukeda {flame, Int+3}
Press: ? - help, Q - select action, (/) - cycle Shift-Dir - straight line, f - kobold
Aim: a kobold, wielding a +2 dagger of distortion (62% to hit)
You shoot a sling bullet. The sling bullet hits the kobold!
The sling bullet burns the kobold.
You kill the kobold!
Hobbittoes's ghost screams, "You will join me soon!"
Fire: i) +8 sling of Pukeda {flame, Int+3}
Press: ? - help, Q - select action, (/) - cycle Shift-Dir - straight line, f - ufetubus
Aim: an ufetubus (54% to hit)
You shoot a sling bullet.
The sling bullet hits the ufetubus but does no damage.
The ufetubus completely misses you. The ufetubus hits you.
* * * LOW HITPOINT WARNING * * *
The ufetubus barely misses you.
The ufetubus hits you but does no damage.
You feel better. The ufetubus closely misses you.
You block the ufetubus's attack.
The white imp picks up a beetle and eats it.
The ufetubus hits you.
* * * LOW HITPOINT WARNING * * *
The ufetubus closely misses you.
Fire: i) +8 sling of Pukeda {flame, Int+3}
Press: ? - help, Q - select action, (/) - cycle Shift-Dir - straight line, f/p - ufetubus
Aim: an ufetubus (54% to hit)
You shoot a sling bullet.
The sling bullet closely misses the ufetubus.
You block the ufetubus's attack. The ufetubus misses you.
Hobbittoes's ghost closely misses you. Hobbittoes's ghost hits you.
* * * LOW HITPOINT WARNING * * *
Okay, then.
Okay, then.
Blink to where?
Press: ? - help, Dir - move target, p - ufetubus
As you read the scroll of blinking, it crumbles to dust.
You block the small abomination's attack.
The small abomination hits you!
You die...

....##.###...###©.#.....>####.###
#...#.#§ #.©##...##...........##.
#...##x§.####.##?#.......###..##.
##...##§x.....##.##....#.###.....
#....##.#.....#..##..###........
#.....#K#^.......©#..?#>###....<
##...###)..###.#..##....# #.....
....##..§###.##..##...### #.#...
##..##..##....##@##....## #.##.#
....#.x##...###x#5##....## #.##.#
##..##.##..#####.#.#...#.# #.##.#
#...#.##..#..W.?.##.....# #.##.#
#...#!##..##.5####...#..###.##.#
#...###....####©.....#..##......
#...........##.............#...#
##........)...........#.###....##
#...........†...÷.....#.# ##.#.#


You could see a small abomination and an ufetubus.

Vanquished Creatures
  Sigmund (D:3)
  Terence (D:2)
  7 adders
  4 worms
  A dart slug (D:3)
  5 ball pythons
  An endoplasm (D:2)
  4 giant cockroaches
  6 goblins
  6 hobgoblins
  9 kobolds
  2 quokkas (D:2)
  6 bats
  4 frilled lizards
  2 rats
59 creatures vanquished.

Vanquished Creatures (others)
  5 plants (D:3)
5 creatures vanquished.

Grand Total: 64 creatures vanquished

Notes
Turn   | Place    | Note
-------+----------+-------------------------------------------
     0 | D:1      | styxcanada the Spriggan Brigand began the quest for the
                  | Orb.
     0 | D:1      | Reached XP level 1. HP: 10/10 MP: 2/2
    37 | D:1      | Reached skill level 6 in Stealth
   515 | D:1      | Reached XP level 2. HP: 10/14 MP: 3/3
  1265 | D:2      | Reached XP level 3. HP: 18/18 MP: 4/4
  1312 | D:2      | Reached skill level 7 in Stealth
  1582 | D:2      | Noticed Terence
  1589 | D:2      | Killed Terence
  1590 | D:2      | Reached XP level 4. HP: 23/23 MP: 5/5
  1594 | D:2      | Learned a level 3 spell: Call Canine Familiar
  2035 | D:3      | Noticed Sigmund
  2197 | D:3      | Found a transporter.
  2208 | D:3      | Noticed an ancient zyme
  2216 | D:3      | Found a transporter.
  2242 | D:3      | Identified the +8 sling of Pukeda {flame, Int+3}
  2375 | D:3      | Reached XP level 5. HP: 26/26 MP: 7/7
  2441 | D:3      | Reached skill level 1 in Ranged Weapons
  2456 | D:3      | Found Dude's Antique Weapon Emporium.
  2522 | D:3      | Noticed Hobbittoes's ghost (weakling MiFi)
  2558 | D:3      | Killed Sigmund
  2559 | D:3      | Reached skill level 8 in Stealth
  2559 | D:3      | Reached skill level 1 in Spellcasting
  2559 | D:3      | Reached XP level 6. HP: 23/30 MP: 7/9
  2697 | D:3      | Found a one-way gate to the infinite horrors of the Abyss.
  2721 | D:3      | Mangled by a small abomination

Illustrated notes

Levels and vault maps discovered:
D:1:      amcnicky_arrival_feature_with_door, layout_basic
D:2:      layout_rooms, uniq_terence
D:3:      layout_loops_ring, serial_shops,
          nicolae_shop_temple_entry_statues_fountains,
          gammafunk_ghost_abyssal_escape, grunt_ministairs_6,
          minmay_misc_feat_rugged, chequers_big_river, uniq_sigmund,
          uniq_crazy_yiuf_cottage

Skill      XL: |  1  2  3  4  5 |
---------------+----------------+-----
Stealth        | 6 7 8 |  8.2
Dodging        | 2 3 |  3.2
Fighting       | 2 |  2.2
Ranged Weapons | 1 |  1.4
Spellcasting   | 1 |  1.6
Short Blades   | |  2.9
Throwing       | |  2.3
Shields        | |  0.9
Summonings     | |  0.9

Action                   |  1- 3 |  4- 6 || total
-------------------------+-------+-------++-------
Melee: Dagger            |    75 |    44 ||   119
 Fire: Sling             |       |    24 ||    24
Throw: Dart              |    26 |     1 ||    27
  Use: Scroll            |       |    10 ||    10
       Potion            |       |     1 ||     1
 Stab: Sleeping          |    11 |     2 ||    13
Armor: Robe              |     6 |    11 ||    17
Dodge: Dodged            |    53 |    37 ||    90
Block: Buckler           |     1 |    16 ||    17
